 Dungeon Crawl Stone Soup version 0.25.0-9-g26727b657a (webtiles) character file.

Game seed: 13117543412487009747

1676 Esekla the Conjurer (level 9, -1/68 HPs)
             Began as a Barachi Conjurer on June 17, 2020.
             Slain by Duvessa
             ... wielding a +0 short sword
              (7 damage)
             ... on level 6 of the Dungeon.
             The game lasted 00:46:03 (6215 turns).

Esekla the Conjurer (Barachi Conjurer)              Turns: 6215, Time: 00:46:03

Health: -1/68      AC:  9    Str: 10    XL:     9   Next: 1%
Magic:  8/16       EV: 14    Int: 19    God:
Gold:   263        SH:  0    Dex: 12    Spells: 16/18 levels left

rFire    . . .     SeeInvis .   B - +0 falchion
rCold    . . .     Gourm    .   (no shield)
rNeg     . . .     Faith    .   s - +2 leather armour {rPois}
rPois    +         Spirit   .   g - +1 helmet
rElec    .         Reflect  .   (no cloak)
rCorr    .         Harm     .   (no gloves)
MR       .....                  f - +0 pair of boots
Stlth    +.........             (no amulet)
HPRegen  0.21/turn              (no ring)
MPRegen  0.15/turn              (no ring)

@: mighty, glowing, slow
A: +LOS, swims, slowness 1, strong legs 1
a: Hop


You were on level 6 of the Dungeon.
You were not hungry.

You visited 1 branch of the dungeon, and saw 6 of its levels.
You also visited: Sewer.

You collected 263 gold pieces.

Inventory:

Hand Weapons
 i - a +0 rapier
 B - a +0 falchion (weapon)
Missiles
 d - 5 boomerangs (quivered)
 p - 7 curare-tipped darts
 u - 33 poisoned darts
 w - 3 javelins
Armour
 f - a +0 pair of boots (worn)
 g - a +1 helmet (worn)
 r - a +1 robe of magic resistance
 s - a +2 leather armour of poison resistance (worn)
 G - a +1 leather armour of cold resistance
Wands
 j - a wand of polymorph (9)
 D - a wand of iceblast (19)
 F - a wand of acid (5)
Scrolls
 e - 2 scrolls of identify
 k - a scroll of amnesia
 m - a scroll of random uselessness {unknown}
 n - 2 scrolls of enchant armour
 o - 3 scrolls of remove curse
 q - 2 scrolls of blinking {unknown}
 y - 2 scrolls of teleportation
Potions
 a - 2 potions of might
 b - 2 potions of mutation {unknown}
 h - a potion of resistance {unknown}
 l - 2 potions of flight {unknown}
 t - 3 potions of curing {unknown}
 v - a potion of brilliance {unknown}
 x - 2 potions of ambrosia {unknown}
 z - a potion of magic {unknown}
 A - 2 potions of heal wounds {unknown}
 C - a potion of haste {unknown}
Comestibles
 c - 14 rations
 E - 7 chunks of flesh


   Skills:
 * Level 5.2 Fighting
 + Level 4.6(4.8) Short Blades
 + Level 1.9(3.7) Long Blades
 * Level 5.0 Armour
 + Level 5.3 Dodging
 - Level 1.7 Stealth
 * Level 5.3 Spellcasting
 + Level 6.2 Conjurations


You had 16 spell levels left.
You knew the following spells:

 Your Spells              Type           Power        Failure   Level  Hunger
e - Searing Ray           Conj           ####..       1%          2    None

Your spell library contained the following spells:

 Spells                   Type           Power        Failure   Level  Hunger
 Magic Dart               Conj           ####         1%          1    None
 Dazzling Flash           Conj/Hex       ###...       13%         3    ##.....
 Fulminant Prism          Conj/Hex       ###.......   41%         4    ####...
 Iskenderun's Mystic Bla  Conj/Tloc      ###.....     41%         4    ####...


Dungeon Overview and Level Annotations

Branches:
Dungeon (6/15)              Sewer (visited)
 Temple: D:4-7

Altars:

Annotations:
D:6 Dowan, Duvessa


Innate Abilities, Weirdness & Mutations

You can be seen from farther away. (+LOS)
You can swim through water.
You cover ground slowly.
You can hop short distances.


Message History

Dowan hits you with a +3 dagger of protection.
* * * LOW HITPOINT WARNING * * *
You closely miss Duvessa.
Duvessa is severely wounded.
Duvessa barely misses you.
You riposte.
You hit Duvessa.
Duvessa is almost dead.
Dowan smirks and points a slender finger.
Dowan barely misses you. Duvessa misses you.
You riposte.
You hit Duvessa but do no damage.
Duvessa is almost dead.
You barely miss Duvessa.
Duvessa is almost dead.
Dowan gestures at you while chanting. The puff of flame hits you!
* * * LOW HITPOINT WARNING * * *
Duvessa hits you with a +0 short sword.
* * * LOW HITPOINT WARNING * * *
You feel very mighty all of a sudden. Dowan hits you but does no damage.
Duvessa hits you with a +0 short sword!
You die...

#.. #.# #.# #.# #.#
#.# #.# #######.
#.####.####........
##
#....)...e@e.......
.#
e...####.(###........
.# . #..## #######.
## #...# ###...##
#......# #.#...<#
#######.#....#
#.......#....#


You could see Duvessa and Dowan.

Vanquished Creatures
  Sigmund (D:4)
  Eustachio (D:5)
  An ice beast (D:5)
  A phantom (D:4)
  A sky beast (D:4)
  An ogre (D:4)
  2 centaurs
  A big kobold (Sewer)
  2 howler monkeys (D:5)
  A crimson imp (D:5)
  A bullfrog zombie (D:5)
  A hound (D:5)
  An orc wizard (D:3)
  Jessica (D:3)
  3 bullfrog skeletons
  A centaur skeleton (D:4)
  An iguana (D:4)
  Ijyb (D:5)
  6 worker ants
  A howler monkey zombie (D:5)
  A gnoll (D:1)
  8 adders
  A shadow imp (D:5)
  2 oozes
  2 adder skeletons
  An adder zombie (D:3)
  A dart slug (D:5)
  A worm (D:2)
  3 leopard geckos
  16 orcs
  A ball python (D:3)
  9 giant cockroaches
  12 goblins
  11 hobgoblins
  12 jackals
  3 quokkas
  7 bats
  10 frilled lizards
  A jackal skeleton (D:4)
  9 kobolds
  12 rats
152 creatures vanquished.

Notes
Turn   | Place    | Note
-------+----------+-------------------------------------------
     0 | D:1      | Esekla the Barachi Conjurer began the quest for the Orb.
     0 | D:1      | Reached XP level 1. HP: 13/13 MP: 3/3
   226 | D:1      | Reached XP level 2. HP: 4/20 MP: 0/5
   483 | D:1      | Learned a level 2 spell: Searing Ray
   787 | D:1      | Reached skill level 1 in Fighting
   811 | D:1      | Reached XP level 3. HP: 21/26 MP: 2/6
  1214 | D:1      | Reached skill level 5 in Conjurations
  1476 | D:1      | Reached XP level 4. HP: 33/33 MP: 2/7
  2157 | D:2      | Reached XP level 5. HP: 31/38 MP: 4/9
  2307 | D:2      | Reached skill level 1 in Short Blades
  3037 | D:3      | Noticed Jessica
  3043 | D:3      | Killed Jessica
  3165 | D:3      | Noticed a centaur
  3174 | D:3      | Killed a centaur
  3174 | D:3      | Reached XP level 6. HP: 12/46 MP: 2/10
  4091 | D:4      | Reached skill level 1 in Armour
  4249 | D:4      | Reached XP level 7. HP: 45/52 MP: 8/12
  4292 | D:4      | Noticed Sigmund
  4299 | D:4      | Killed Sigmund
  4765 | D:5      | Entered Level 5 of the Dungeon
  4765 | D:5      | Noticed Eustachio
  4768 | D:5      | Noticed Ijyb
  4826 | D:4      | Reached XP level 8. HP: 55/60 MP: 9/14
  4943 | D:5      | Reached skill level 6 in Conjurations
  4958 | D:5      | Found a glowing drain.
  4965 | Sewer    | Entered a sewer
  5199 | Sewer    | Found a white marble altar of Elyvilon.
  5373 | D:5      | Killed Eustachio
  5478 | D:5      | Reached skill level 5 in Spellcasting
  5560 | D:5      | Reached skill level 5 in Dodging
  5575 | D:5      | Killed Ijyb
  5581 | D:5      | Reached skill level 5 in Fighting
  5794 | D:5      | Reached skill level 1 in Long Blades
  6186 | D:6      | Noticed Dowan
  6187 | D:6      | Noticed Duvessa
  6197 | D:6      | Reached skill level 5 in Armour
  6197 | D:6      | Reached XP level 9. HP: 55/68 MP: 13/16
  6215 | D:6      | Slain by Duvessa

Illustrated notes

Levels and vault maps discovered:
D:1:      lightli_arrival_lavapool, layout_loops_corners, minmay_lizard_pond
D:2:      layout_loops_ring
D:3:      layout_loops_cross, first_ration, chequers_avenue, uniq_jessica
D:4:      layout_loops_ring, minmay_misc_feat_enclosed,
          kennysheep_pointless_box, uniq_sigmund
D:5:      layout_cave_pools, gup_sewer_entry_bubbles, uniq_eustachio, uniq_ijyb
D:6:      layout_loops_cross, nicolae_overflow_hidden_temple,
          minmay_temple_entry_tees, uniq_duvessa

Skill      XL: |  1  2  3  4  5  6  7  8 |
---------------+-------------------------+-----
Fighting       | 1 2 3 5 |  5.2
Conjurations   | 5 6 |  6.2
Dodging        | 3 4 5 |  5.3
Short Blades   | 1 2 3 4 |  4.6
Spellcasting   | 3 4 5 |  5.3
Armour         | 1 3 5 |  5.0
Long Blades    | 1 |  1.9
Stealth        | |  1.7

Action                   |  1- 3 |  4- 6 |  7- 9 || total
-------------------------+-------+-------+-------++-------
Melee: Dagger            |    67 |     7 |       ||    74
       Rapier            |       |    73 |    81 ||   154
       Falchion          |       |       |    53 ||    53
Throw: Dart              |       |     1 |       ||     1
       Boomerang         |       |       |    21 ||    21
 Cast: Magic Dart        |    22 |     6 |       ||    28
       Searing Ray       |    10 |    25 |    30 ||    65
 Abil: Hop               |     1 |       |       ||     1
  Use: Scroll            |       |       |     8 ||     8
       Potion            |       |       |     1 ||     1
 Stab: Sleeping          |     1 |     4 |       ||     5
  Eat: Chunk             |     2 |    11 |     5 ||    18
       Ration            |       |       |     1 ||     1
Armor: Robe              |    19 |    21 |       ||    40
       Leather armour    |       |     7 |    56 ||    63
Dodge: Dodged            |    58 |    72 |   167 ||   297
       Rpst.: Falchion   |       |       |    27 ||    27
